 Dungeon Crawl Stone Soup version 0.28-a0-1447-ga5a8893891 (webtiles) character file.

Game seed: 13323145724151717576

1020 HallandMoats the Skirmisher (level 8, -1/64 HPs)
             Began as a Demonspawn Fighter on Jan 11, 2022.
             Was a Follower of Okawaru.
             Succumbed to a scorpion's poison
             ... on level 5 of the Dungeon.
             The game lasted 00:05:45 (5307 turns).

HallandMoats the Skirmisher (Demonspawn Fighter)    Turns: 5307, Time: 00:05:45

Health: -1/64      AC:  7    Str: 18    XL:     8   Next: 2%
Magic:  9/9        EV: 10    Int:  9    God:    Okawaru [*.....]
Gold:   178        SH:  5    Dex: 12    Spells: 7/7 levels left

rFire   . . .      SeeInvis .   a - +0 war axe
rCold   . . .      Faith    .   c - +0 buckler
rNeg    . . .      Spirit   .   b - +0 scale mail
rPois   .          Reflect  .   (helmet restricted)
rElec   .          Harm     .   (no cloak)
rCorr   .          Rampage  .   (no gloves)
Will    .....                   (no boots)
Stlth   ..........              (no amulet)
HPRegen 0.20/turn               (no ring)
MPRegen 0.11/turn               (no ring)

@: lethally poisoned (-1 -> -27), hasted, very quick
A: claws 1, horns 2, weakness stinger 1, low mp 1, mutation resistance 1, weak
1, wild magic 1
a: Renounce Religion, Heroism


You were on level 5 of the Dungeon.
You worshipped Okawaru.
Okawaru was aware of your devotion.
You visited 1 branch of the dungeon, and saw 5 of its levels.

You collected 178 gold pieces.

Inventory:

Hand Weapons
 a - a +0 war axe (weapon)
 i - a +1 dagger of speed
Armour
 b - a +0 scale mail (worn)
 c - a +0 buckler (worn)
Jewellery
 m - a ring of ice
Scrolls
 g - 3 scrolls of blinking {unknown}
 j - a scroll of summoning {unknown}
 k - a scroll of vulnerability {unknown}
 l - a scroll of fear {unknown}
 n - 2 scrolls of teleportation {unknown}


   Skills:
 * Level 5.6 Fighting
 * Level 4.7 Axes
 + Level 3.9 Armour
 + Level 2.7 Dodging
 + Level 4.0 Shields
 + Level 3.1 Invocations


You had 7 spell levels left.
You didn't know any spells.
Your spell library contained the following spells:

 Spells                   Type           Power      Damage    Failure   Level
 Portal Projectile        Hex/Tloc       0%         N/A       99%         3
 Leda's Liquefaction      Hex/Erth       0%         N/A       100%        4
 Passage of Golubria      Tloc           0%         N/A       100%        4
 Yara's Violent Unravell  Hex/Tmut       0%         3d3       100%        5
 Summon Small Mammal      Summ           Unusable   N/A       N/A         1
 Call Canine Familiar     Summ           Unusable   N/A       N/A         3
 Tukima's Dance           Hex            Unusable   N/A       N/A         3

Dungeon Overview and Level Annotations

Branches:
Dungeon (5/15)
 Temple: D:4-7

Altars:
Okawaru
Trog
Wu Jian

Shops:
D:1 [

Annotations:
D:3 3 runed translucent doors, Xenoroth's ghost, amateur DjFE; cheechan's ghost, amateur NaHu


Innate Abilities, Weirdness & Mutations

You have sharp fingernails.
You have a pair of horns on your head.
You have a small tail.
Your magical capacity is low. (-10% MP)
You are somewhat resistant to further mutation.
You are weak. (Str -2)
Your spells are a little harder to cast, but a little more powerful.


Message History

You are too injured to fight recklessly!
You are too injured to fight recklessly!
You are too injured to fight recklessly!
You are too injured to fight recklessly!
You are too injured to fight recklessly!
You are too injured to fight recklessly!
You are too injured to fight recklessly!
You are too injured to fight recklessly!
You are too injured to fight recklessly!
Okay, then.
You hit the scorpion.
The scorpion is heavily wounded.
You feel very sick. The scorpion barely misses you.
You hit the scorpion but do no damage.
The scorpion is heavily wounded.
You feel sick.
You barely miss the scorpion. Your headbutt misses the scorpion.
The scorpion is heavily wounded.
You feel very sick. The scorpion stings you.
* * * LOW HITPOINT WARNING * * *
a - a +0 war axe (weapon)
You feel sick. The scorpion closely misses you.
You barely miss the scorpion.
The scorpion is heavily wounded.
You feel very sick. The scorpion closely misses you.
You hit the scorpion.
The scorpion is severely wounded.
You feel very sick. The scorpion stings you.
* * * LOW HITPOINT WARNING * * *
You are lethally poisoned!
The scorpion poisons you! The scorpion stings you.
* * * LOW HITPOINT WARNING * * *
You are more poisoned.
The scorpion poisons you!
You feel yourself speed up.
You die...

####.......##...
.........#......
####....########
####.#.# # ..####.# #
#### #.# ##'## # ...
#.###...##
#.###.###.##.....##
#....s@...#.......## #
###...####..รท......####
....(.....'.........'...
####....###.........####
##.. ........).## # ##.
..#.......######
#...#..............
#..#######.#.#####. ..
....#.#####.


You could see a scorpion.

Vanquished Creatures
  2 black bears
  An ogre (D:4)
  A necrophage (D:5)
  A phantom (D:5)
  2 scorpions
  2 hounds (D:3)
  A centaur zombie (D:3)
  A jelly (D:4)
  2 orc priests (D:5)
  A gnoll shaman (D:4)
  An iguana (D:3)
  3 orc wizards
  Robin (D:3)
  2 adders
  4 gnolls (D:4)
  An adder skeleton (D:4)
  4 worms
  2 dart slugs (D:1)
  4 orcs
  4 ball pythons
  6 endoplasms
  5 giant cockroaches
  11 hobgoblins
  5 kobolds
  3 quokkas
  2 bats
  4 frilled lizards
  17 goblins
  3 rats
96 creatures vanquished.

Notes
Turn   | Place    | Note
-------+----------+-------------------------------------------
     0 | D:1      | HallandMoats the Demonspawn Fighter began the quest for the
                  | Orb.
     0 | D:1      | Reached XP level 1. HP: 18/18 MP: 1/1
    91 | D:1      | Found Kunkuduk's Antique Armour Emporium.
    96 | D:1      | Discovered your monstrous ancestry.
    96 | D:1      | Gained mutation: You have a pair of small horns on your
                  | head. [demonic ancestry]
    96 | D:1      | Reached XP level 2. HP: 20/24 MP: 2/2
   477 | D:1      | Gained mutation: You have a small tail. [demonic ancestry]
   477 | D:1      | Reached XP level 3. HP: 28/29 MP: 3/3
  1053 | D:2      | Found a faded altar of an unknown god.
  1059 | D:2      | Got Plato's Compendium of the Entourage
  1273 | D:3      | Noticed Robin
  1288 | D:3      | Reached XP level 4. HP: 32/37 MP: 4/4
  1301 | D:3      | Killed Robin
  1302 | D:3      | Reached skill level 1 in Dodging
  1373 | D:3      | Reached skill level 4 in Fighting
  1419 | D:3      | Reached XP level 5. HP: 34/42 MP: 5/5
  1480 | D:3      | Found a runed translucent gate.
  1780 | D:3      | Found an ornate altar of the Wu Jian Council.
  1781 | D:3      | Found an iron altar of Okawaru.
  1787 | D:3      | Became a worshipper of Warmaster Okawaru
  1820 | D:3      | Found a bloodstained altar of Trog.
  1940 | D:3      | Found a runed translucent gate.
  1940 | D:3      | Found a runed translucent gate.
  1942 | D:3      | Noticed cheechan's ghost (amateur NaHu)
  1942 | D:3      | Noticed Xenoroth's ghost (amateur DjFE)
  2637 | D:4      | Noticed a black bear
  2654 | D:4      | Reached XP level 6. HP: 28/49 MP: 6/6
  2667 | D:4      | Reached skill level 1 in Invocations
  3478 | D:4      | Reached * piety under Okawaru
  3770 | D:4      | Gained mutation: You have sharp fingernails. [demonic
                  | ancestry]
  3770 | D:4      | Reached XP level 7. HP: 55/55 MP: 8/8
  3988 | D:4      | Reached skill level 5 in Fighting
  4552 | D:5      | Entered Level 5 of the Dungeon
  4951 | D:5      | Gained mutation: Your magical capacity is low. (-10% MP)
                  | [potion of mutation]
  4951 | D:5      | Gained mutation: You are weak. (Str -2) [potion of
                  | mutation]
  4951 | D:5      | Gained mutation: Your spells are a little harder to cast,
                  | but a little more powerful. [potion of mutation]
  4951 | D:5      | Gained mutation: You are somewhat resistant to further
                  | mutation. [potion of mutation]
  4998 | D:5      | Gained mutation: You have a pair of horns on your head.
                  | [demonic ancestry]
  4998 | D:5      | Reached XP level 8. HP: 6/64 MP: 9/9
  5307 | D:5      | Succumbed to a scorpion's poison

Illustrated notes

Levels and vault maps discovered:
D:1:      amcnicky_arrival_underground_garden, layout_rooms, serial_shops, shop
D:2:      layout_loops_cross, shapermc_ecumenical_altar_rom_forum
D:3:      layout_rooms, minitemple, gammafunk_ghost_cemetery, uniq_robin
D:4:      layout_loops_corners, grunt_ministairs_2, hangedman_decor_slide_cut,
          minmay_misc_feat_x, nicolae_concentric_dashed_squares_wild,
          kennysheep_small_spiral
D:5:      layout_loops_corners, minmay_temple_entry_nine_rooms, serial_shops,
          nicolae_shop_advertising_works [nicolae_subvault_shop_adworks]

Skill      XL: |  1  2  3  4  5  6  7 |
---------------+----------------------+-----
Axes           | 2 3 4 |  4.7
Armour         | 3 |  3.9
Dodging        | 1 2 |  2.7
Shields        | 3 4 |  4.0
Fighting       | 4 5 |  5.6
Invocations    | 1 3 |  3.1

Action                   |  1- 3 |  4- 6 |  7- 9 || total
-------------------------+-------+-------+-------++-------
Melee: War axe           |    45 |       |     2 ||    47
       Headbutt          |    16 |    39 |    24 ||    79
       Dagger            |    61 |   210 |   165 ||   436
       Tailslap          |     7 |    35 |    18 ||    60
  Use: Scroll            |       |     2 |       ||     2
       Potion            |       |     1 |     6 ||     7
Armor: Scale mail        |    31 |    58 |    33 ||   122
       Skin              |       |       |    23 ||    23
Dodge: Dodged            |    49 |    64 |    43 ||   156
Block: Buckler           |    17 |    26 |    17 ||    60

Table legend: (Time is in decaauts)
 A = Elapsed time spent in this place.
 B = Non-inter-level travel time spent in this place.
 C = Inter-level travel time spent in this place.
 D = Time resting spent in this place.
 E = Time spent auto-exploring this place.
 F = Levels seen in this place.
 G = Mean time per level.
                   A        B        C        D        E       F      G
               +--------+--------+--------+--------+--------+-----+--------+
         Total |   5198 |   5092 |    106 |    597 |   3705 |   5 | 1039.6 |
       Dungeon |   5198 |   5092 |    106 |    597 |   3705 |   5 | 1039.6 |
               +--------+--------+--------+--------+--------+-----+--------+

Top non-repeatable levels by time:
     D:4: 2103 daAuts
     D:3: 1122 daAuts
     D:5: 715 daAuts
     D:2: 686 daAuts
     D:1: 570 daAuts
